 Dungeon Crawl Stone Soup version 0.14.0-24-gfb45beb (webtiles) character file.

29589 4tharraofdagon the Scorcher (level 13, -5/63 HPs)
             Began as a Deep Elf Fire Elementalist on Apr 22, 2014.
             Was an Elder of Vehumet.
             Slain by a spiny frog (18 damage)
             ... on Level 8 of the Lair of Beasts on Apr 24, 2014.
             The game lasted 00:58:23 (5014 turns).

4tharraofdagon the Scorcher (DEFE)                  Turns: 5014, Time: 00:58:24

HP  -5/63        AC 15     Str  5      XL: 13   Next: 12%
MP  33/45        EV 17     Int 28      God: Vehumet [****..]
Gold 620         SH  0     Dex 15      Spells:  7 memorised, 16 levels left

rFire  + . .     SeeInvis +     N - +4,+3 morningstar (protect)
rCold  + . .     Clarity  .     a - +0 robe
rNeg   . . .     Conserve .     (no shield)
rPois  .         rCorr    .     g - +1 helmet {rF+}
rElec  +         rRot     .     u - +0 cloak of Starlight {rElec rC+ EV+4 Stlth-}
SustAb . .       Spirit   .     v - +1 pair of gloves
rMut   .         Warding  .     K - +2 pair of boots of the Sun {+Rage Dam+2 SInv}
Saprov . . .     Stasis   .     (no amulet)
MR     +....                    x - +2 ring of intelligence
                                e - ring of magical power

@: somewhat resistant to hostile enchantments, unstealthy
A: no striking features
a: Renounce Religion, Evoke Berserk Rage


You were on level 8 of the Lair of Beasts.
You worshipped Vehumet.
Vehumet was greatly pleased with you.
You were not hungry.

You visited 3 branches of the dungeon, and saw 18 of its levels.
You also visited: Volcano.

You collected 773 gold pieces.
You spent 153 gold pieces at shops.

Inventory:

Hand weapons
 N - a +4,+3 morningstar of protection (weapon)
Missiles
 H - a throwing net (quivered)
Armour
 a - a +0 robe (worn)
 g - a +1 helmet of fire resistance (worn)
 u - the +0 cloak of Starlight (worn) {rElec rC+ EV+4 Stlth-}
   (You acquired it on level 7 of the Lair of Beasts)

   It affects your evasion (+4).
   It protects you from cold.
   It insulates you from electricity.
   It makes you much less stealthy.
 v - a +1 pair of gloves (worn)
 K - the +2 pair of boots of the Sun (worn) {+Rage Dam+2 SInv}
   (You acquired it on level 2 of the Lair of Beasts)

   It affects your damage with ranged weapons and melee attacks (+2).
   It enhances your eyesight.
   It lets you go berserk.
Magical devices
 j - a wand of polymorph (13)
 n - a wand of digging (6)
 p - a wand of draining (3)
 q - a wand of disintegration (5)
 B - a wand of lightning (3)
Comestibles
 c - 9 bread rations
 w - a meat ration
Scrolls
 d - 3 scrolls of amnesia
 k - 2 scrolls of enchant armour
 r - 2 scrolls of fog
 t - 4 scrolls of remove curse
 y - a scroll of teleportation
 C - 2 scrolls of noise
 E - a scroll of identify
 F - a scroll of blinking {unknown}
 I - a scroll of enchant weapon II
Jewellery
 e - a ring of magical power (left hand)
 s - a +3 ring of dexterity
 x - a +2 ring of intelligence (right hand)
 D - an uncursed ring of protection from fire
Potions
 f - a potion of magic
 h - a potion of restore abilities
 i - a potion of berserk rage
 l - 2 potions of resistance
 m - 2 potions of brilliance
 o - 2 potions of cure mutation
 A - 3 potions of curing
Books
 b - a book of Flames

   Spells                             Type                      Level
   *Flame Tongue                      Conjuration/Fire             1
   Throw Flame                        Conjuration/Fire             2
   *Conjure Flame                     Conjuration/Fire             3
   Inner Flame                        Hexes/Fire                   3
   *Sticky Flame                      Conjuration/Fire             4
   *Fireball                          Conjuration/Fire             5
 z - a book of Necromancy

   Spells                             Type                      Level
   Pain                               Necromancy                   1
   *Animate Skeleton                  Necromancy                   1
   Lethal Infusion                    Charms/Necromancy            2
   Vampiric Draining                  Necromancy                   3
   *Regeneration                      Charms/Necromancy            3
   Animate Dead                       Necromancy                   4
   Control Undead                     Necromancy                   4


   Skills:
 - Level 2.4 Dodging
 - Level 2.4 Stealth
 + Level 13.3 Spellcasting
 * Level 14.9 Conjurations
 * Level 15.0 Fire Magic


You had 16 spell levels left.
You knew the following spells:

 Your Spells              Type           Power        Failure   Level  Hunger
a - Flame Tongue          Conj/Fire      #####        0%          1    None
b - Conjure Flame         Conj/Fire      #######.     1%          3    None
c - Sticky Flame          Conj/Fire      #######.     1%          4    None
d - Fireball              Conj/Fire      #######...   1%          5    None
e - Animate Skeleton      Necr           N/A          3%          1    None
f - Regeneration          Chrm/Necr      ###.......   12%         3    None
g - Iskenderun's Battles  Conj/Chrm      ######..     1%          5    None


Dungeon Overview and Level Annotations

Branches:
Dungeon (9/15)             Temple (1/1) D:7            Lair (8/8) D:8
  Snake (0/5) Lair:3        Slime (0/6) Lair:6
    Orc: D:9-12       Swamp: Lair:3-6    Shoals: Lair:3-6    Spider: Lair:3-6

Altars:
Ashenzari
Cheibriados
Dithmenos
Elyvilon
Fedhas
Kikubaaqudgha
Makhleb
Nemelex Xobeh
Okawaru
Sif Muna
Trog
Vehumet
Xom
Yredelemnul
Zin
The Shining One

Shops:
D:5 [

Annotations:
D:4 Dowan, Duvessa
Lair:3 KRAKEN DEN
Lair:5 exclusion: oklob plant


Message History

Unknown command.
Casting: Fireball
Confirm with . or Enter, or press ? or * to list all spells.
Okay, then.
Drink which item? (? for menu, Esc to quit)
Okay, then.
Unknown command.
Wield which item (- for none, * to show all)? (? for menu, Esc to quit)
Okay, then.
Drink which item? (? for menu, Esc to quit)
Okay, then.
Casting: Fireball
Confirm with . or Enter, or press ? or * to list all spells.
Aiming: Fireball
Press: ? - help, Shift-Dir - straight line, p - wolf
Okay, then.
Unknown command.
Drink which item? (? for menu, Esc to quit)
You feel better. The wolf misses you. The spiny frog stings you!
You die...

..##..P.##..f.f#.#.
...#.......#..P....#.
......f............f.f..f
....................ffff..f
#.........................f...
#...............................
##........f........%.............
..........fff)....%<.........#.P.
#f....##........@h%.............P
#ff.#............F%...%.......P.#
.fff.#f......................P#..
ff.f..f....................)P....
..f............#...........P.P##.
.......#........#......#......#
#....(..............##..#f...##
.................##.####....##
................# ### ###


You could see a spiny frog and a wolf.

Vanquished Creatures
  2 hydras
  Erica (Lair:4)
  12 death yaks
  A lindwurm (Volcano)
  3 elephants
  2 black mambas
  3 gargoyles (Volcano)
  A molten gargoyle (Volcano)
  A feature mimic (Lair:4)
  6 spiny frogs
  7 komodo dragons
  6 blink frogs
  A basilisk (Lair:2)
  2 sharks (Lair:4)
  26 yaks
  Grum (D:6)
  A fire elemental (Volcano)
  2 hippogriffs
  A mottled dragon (Lair:5)
  11 wolves
  2 sky beasts
  9 porcupines
  2 giant goldfish (Lair:4)
  3 water moccasins
  An ogre (D:5)
  9 crocodiles
  2 orc warriors
  A centaur (D:8)
  4 giant slugs
  A gnoll sergeant (D:6)
  A scorpion (D:7)
  3 giant frogs
  4 wights (D:6)
  3 pulsating lumps (Lair:6)
  2 electric eels
  A giant frog zombie (D:5)
  8 hounds
  A big fish (Lair:4)
  3 jellies
  3 orc priests
  A quasit (D:5)
  2 centaur skeletons
  4 iguanas
  9 worker ants
  3 orc wizards
  A gnoll shaman (D:6)
  8 sheep
  Jessica (D:2)
  A hound skeleton (D:4)
  A worker ant zombie (D:7)
  8 adders
  8 gnolls (D:6)
  18 green rats
  2 shadow imps (D:7)
  2 worms
  2 giant mites
  A giant eyeball (D:5)
  4 giant geckos
  An ooze (D:3)
  24 orcs
  A ball python (D:4)
  2 giant cockroaches (D:5)
  4 hobgoblins
  6 kobolds
  7 quokkas
  7 bats
  4 giant newts
  6 goblins
  6 jackals
  A kobold skeleton (D:6)
  13 rats
  5 fungi
  A plant (Lair:6)
317 creatures vanquished.

Vanquished Creatures (collateral kills)
  An elephant (Lair:7)
  A fire drake (Lair:7)
  A hippogriff (Lair:7)
  A crocodile (Lair:7)
  An adder (Lair:7)
5 creatures vanquished.

Vanquished Creatures (others)
  A fungus (Lair:7)
  2 plants
3 creatures vanquished.

Grand Total: 325 creatures vanquished

Notes
Turn   | Place    | Note
--------------------------------------------------------------
     0 | D:1      | 4tharraofdagon, the Deep Elf Fire Elementalist, began the quest for the Orb.
     0 | D:1      | Reached XP level 1. HP: 10/10 MP: 5/5
   170 | D:2      | Reached XP level 2. HP: 13/15 MP: 8/8
   248 | D:2      | Noticed Jessica
   271 | D:2      | Killed Jessica
   271 | D:2      | Reached XP level 3. HP: 15/19 MP: 11/11
   276 | D:2      | Learned a level 3 spell: Conjure Flame
   395 | D:3      | Found a shattered altar of Ashenzari.
   395 | D:3      | Noticed a sky beast
   425 | D:3      | Killed a sky beast
   425 | D:3      | Reached skill level 4 in Spellcasting
   425 | D:3      | Reached XP level 4. HP: 24/24 MP: 3/15
   425 | D:3      | Reached XP level 5. HP: 28/28 MP: 3/18
   444 | D:3      | Learned a level 4 spell: Sticky Flame
   557 | D:3      | Reached skill level 5 in Fire Magic
   665 | D:4      | Reached XP level 6. HP: 14/32 MP: 3/20
   706 | D:4      | FU
   728 | D:4      | Noticed Duvessa
   730 | D:4      | Noticed Dowan
   733 | D:5      | Entered Level 5 of the Dungeon
   734 | D:5      | Reached skill level 5 in Spellcasting
   860 | D:5      | Reached skill level 5 in Conjurations
   872 | D:5      | Learned a level 5 spell: Fireball
   933 | D:5      | Reached XP level 7. HP: 19/36 MP: 13/23
   940 | D:5      | Found Tithreowu's Antique Armour Boutique.
   974 | D:5      | Found a sparkling altar of Nemelex Xobeh.
  1012 | D:5      | Found a shimmering altar of Xom.
  1045 | D:7      | Reached skill level 6 in Fire Magic
  1252 | D:7      | Found a staircase to the Ecumenical Temple.
  1264 | Temple   | Entered the Ecumenical Temple
  1302 | Temple   | Became a worshipper of Vehumet
  1422 | D:6      | Found a bloodstained altar of Trog.
  1443 | D:6      | Reached skill level 7 in Fire Magic
  1443 | D:6      | Reached XP level 8. HP: 34/41 MP: 25/25
  1563 | D:8      | Noticed a yak
  1564 | D:8      | Noticed a death yak
  1572 | D:8      | Killed a yak
  1581 | D:8      | Killed a death yak
  1581 | D:8      | Reached skill level 8 in Fire Magic
  1613 | D:8      | Found a staircase to the Lair.
  1620 | D:8      | Noticed a komodo dragon
  1633 | D:8      | Reached XP level 9. HP: 21/45 MP: 3/28
  1671 | D:8      | Acquired Vehumet's first power
  1671 | D:8      | Offered knowledge of Shock by Vehumet.
  1880 | D:5      | Bought a warped robe for 153 gold pieces
  1950 | D:6      | Identified the cursed -3 robe of Ferila Taere {Dex-2} (You bought it in a shop on level 5 of the Dungeon)
  1950 | D:6      | o wow
  2002 | D:6      | Reached skill level 9 in Fire Magic
  2052 | D:6      | o wow
  2144 | D:6      | Noticed Grum
  2163 | D:6      | Killed Grum
  2175 | D:6      | Offered knowledge of Sting by Vehumet.
  2243 | D:8      | Killed a komodo dragon
  2311 | D:8      | Reached skill level 10 in Fire Magic
  2323 | Lair:1   | Entered Level 1 of the Lair of Beasts
  2329 | Lair:1   | Noticed a spiny frog
  2331 | Lair:1   | Killed a spiny frog
  2434 | Lair:1   | Got an iridescent falchion
  2446 | Lair:1   | Identified the +7,+3 falchion of the Radish {elec, +Blink} (You found it on level 1 of the Lair of Beasts)
  2471 | Lair:2   | Identified a scroll of acquirement
  2473 | Lair:2   | Got a pair of transparent boots
  2476 | Lair:2   | Identified the +2 pair of boots of the Sun {+Rage Dam+2 SInv} (You acquired it on level 2 of the Lair of Beasts)
  2476 | Lair:2   | :(
  2515 | Lair:2   | Reached XP level 10. HP: 26/50 MP: 29/31
  2584 | Lair:2   | Found a shadowy altar of Dithmenos.
  2609 | Lair:2   | Reached skill level 10 in Conjurations
  2640 | Lair:1   | Noticed a spiny frog
  2647 | Lair:1   | Killed a spiny frog
  2834 | Lair:4   | Reached skill level 11 in Fire Magic
  2850 | Lair:4   | Noticed Erica
  2857 | Lair:4   | Reached skill level 10 in Spellcasting
  2858 | Lair:4   | Offered knowledge of Searing Ray by Vehumet.
  2859 | Lair:4   | Killed Erica
  2929 | Lair:4   | Found a basalt altar of Yredelemnul.
  3108 | Lair:5   | Noticed a four-headed hydra
  3108 | Lair:5   | Acquired Vehumet's second power
  3117 | Lair:5   | Killed a four-headed hydra
  3117 | Lair:5   | Reached skill level 12 in Fire Magic
  3117 | Lair:5   | Reached XP level 11. HP: 15/54 MP: 10/32
  3169 | Lair:5   | Noticed an oklob plant
  3368 | Lair:5   | Found a dark tunnel.
  3390 | Volcano  | Entered a volcano
  3447 | Volcano  | Noticed a lindwurm
  3454 | Volcano  | Killed a lindwurm
  3601 | Lair:6   | Offered knowledge of Static Discharge by Vehumet.
  3612 | Lair:6   | Found a staircase to the Slime Pits.
  3739 | Lair:6   | Learned a level 1 spell: Animate Skeleton
  3743 | Lair:6   | Learned a level 3 spell: Regeneration
  3776 | Lair:7   | Noticed a five-headed hydra
  3780 | Lair:7   | Killed a five-headed hydra
  3780 | Lair:7   | Reached skill level 13 in Fire Magic
  3781 | Lair:7   | Acquired Vehumet's third power
  3878 | Lair:4   | Offered knowledge of Lightning Bolt by Vehumet.
  3927 | Lair:3   | Found a staircase to the Snake Pit.
  3973 | Lair:5   | Noticed a black mamba
  4000 | Lair:5   | Killed a black mamba
  4075 | Lair:5   | You fall through a shaft!
  4134 | Lair:6   | Reached XP level 12. HP: 43/59 MP: 22/34
  4311 | Lair:7   | Noticed a death yak
  4312 | Lair:7   | Noticed a death yak
  4312 | Lair:7   | Noticed a death yak
  4312 | Lair:7   | Noticed a death yak
  4314 | Lair:7   | Noticed a death yak
  4315 | Lair:7   | Noticed a death yak
  4329 | Lair:7   | Killed a death yak
  4329 | Lair:7   | Reached skill level 14 in Fire Magic
  4341 | Lair:7   | Killed a death yak
  4342 | Lair:7   | HP: 1/59 [death yak (24)]
  4370 | Lair:7   | Offered knowledge of Iskenderun's Battlesphere by Vehumet.
  4412 | Lair:8   | Entered Level 8 of the Lair of Beasts
  4413 | Lair:8   | HP: 2/59 [death yak (25)]
  4458 | Lair:7   | Learned a level 5 spell: Iskenderun's Battlesphere
  4508 | Lair:7   | Killed a death yak
  4509 | Lair:7   | Killed a death yak
  4513 | Lair:7   | Killed a death yak
  4513 | Lair:7   | Killed a death yak
  4855 | Lair:8   | Reached XP level 13. HP: 30/63 MP: 21/36
  4872 | Lair:8   | Reached skill level 15 in Fire Magic
  5013 | Lair:8   | HP: 2/63 [spiny frog (21)]
  5014 | Lair:8   | Slain by a spiny frog

Action                   |  1- 3 |  4- 6 |  7- 9 | 10-12 | 13-15 || total
-------------------------+-------+-------+-------+-------+-------++-------
Melee: Falchion          |       |     9 |     2 |       |       ||    11
       Unarmed           |       |       |    19 |       |       ||    19
       Spear             |       |       |     6 |       |       ||     6
       Morningstar       |       |       |       |    53 |       ||    53
 Cast: Flame Tongue      |    43 |    44 |    79 |    15 |       ||   181
       Conjure Flame     |     2 |     5 |    10 |     5 |       ||    22
       Sticky Flame      |       |     9 |    36 |    50 |     2 ||    97
       Fireball          |       |       |    18 |   110 |    11 ||   139
       Animate Skeleton  |       |       |       |     3 |       ||     3
       Iskenderun's Batt |       |       |       |     1 |       ||     1
Evoke: Wand              |     3 |       |     7 |    27 |       ||    37
  Use: Potion            |     2 |       |     2 |     7 |     1 ||    12
       Scroll            |       |       |    10 |    22 |       ||    32
 Stab: Sleeping          |       |       |     1 |     1 |       ||     2
